 Dungeon Crawl Stone Soup version 0.27-a0-394-g49c82dfaf2 (webtiles) character file.

Game seed: 9077698525240323777

109 gruber the Sneak (level 5, -3/29 HPs)
             Began as a Kobold Artificer on Feb 20, 2021.
             Splashed by a jelly's acid (4 damage)
             ... on level 3 of the Dungeon.
             The game lasted 00:03:13 (2876 turns).

gruber the Sneak (Kobold Artificer)                 Turns: 2876, Time: 00:03:14

Health: -3/29      AC: -4    Str:  9    XL:     5   Next: 13%
Magic:  0/5        EV: 16    Int: 12    God:
Gold:   65         SH:  0    Dex: 17    Spells: 4/4 levels left

rFire    . . .     SeeInvis .   j - +0 dagger
rCold    . . .     Faith    .   (shield restricted)
rNeg     . . .     Spirit   +   b - +0 leather armour
rPois    .         Reflect  .   (no helmet)
rElec    .         Harm     .   (no cloak)
rCorr    .         Rampage  .   (no gloves)
Will     .....                  (no boots)
Stlth    +++.......             i - amulet of guardian spirit
HPRegen  0.09/turn              (no ring)
MPRegen  0.09/turn              (no ring)

@: corroded
A: small, nightstalker 3
a: no special abilities


You were on level 3 of the Dungeon.
You visited 1 branch of the dungeon, and saw 3 of its levels.

You collected 65 gold pieces.

Inventory:

Hand Weapons
 j - a +0 dagger (weapon)
Armour
 b - a +0 leather armour (worn)
Jewellery
 i - an amulet of guardian spirit (around neck)
Wands
 d - a wand of charming (15)
 e - a wand of random effects (15)
Scrolls
 h - a scroll of magic mapping {unknown}
 l - a scroll of amnesia {unknown}
 m - a scroll of teleportation {unknown}
 n - a scroll of identify {unknown}
Potions
 a - a potion of degeneration {unknown}
 f - a potion of brilliance {unknown}
 g - a potion of resistance {unknown}
 k - a potion of heal wounds {unknown}


   Skills:
 - Level 1.1 Fighting
 - Level 3.3 Short Blades
 - Level 0.7 Armour
 - Level 3.6 Dodging
 * Level 4.0 Stealth
 - Level 3.6 Evocations


You had 4 spell levels left.
You didn't know any spells.
Your spell library was empty.

Dungeon Overview and Level Annotations

Branches:
Dungeon (3/15)

Altars:
Qazlal


Innate Abilities, Weirdness & Mutations

You are small and have problems with some larger weapons.
You are completely attuned to the shadows.


Message History

You hit the bat.
You kill the bat!
You hit the jelly but do no damage.
Your hands burn!
You hit the jelly. The acid corrodes you!
Your hands burn!
The jelly is lightly wounded.
The jelly hits you.
You are splashed with acid!
You are too injured to fight recklessly!
You are too injured to fight recklessly!
You are too injured to fight recklessly!
You are too injured to fight recklessly!
You are too injured to fight recklessly!
You are too injured to fight recklessly!
You are too injured to fight recklessly!
You are too injured to fight recklessly!
You are too injured to fight recklessly!
You are too injured to fight recklessly!
You are too injured to fight recklessly!
You are too injured to fight recklessly!
You are too injured to fight recklessly!
You are too injured to fight recklessly!
Unknown command.
Aiming: Throw Flame
Press: ? - help, Q - select action, (/) - cycle Shift-Dir - straight line, f - jelly
Aim: a jelly (lightly wounded, 0% to evade)
The puff of flame hits the jelly!
The jelly is severely wounded.
The now-empty wand crumbles to dust.
The jelly hits you. The acid corrodes you!
You are splashed with acid!
* * * LOW HITPOINT WARNING * * *
Unknown command.
You hit the jelly but do no damage.
Your hands burn!
* * * LOW HITPOINT WARNING * * *
The jelly is severely wounded.
The jelly closely misses you.
You hit the jelly but do no damage. The acid corrodes you!
Your hands burn!
* * * LOW HITPOINT WARNING * * *
The jelly is severely wounded.
The jelly misses you.
You hit the jelly.
Your hands burn!
You die...

.. .# #. .#.#
#.###.#...#.
#.#.........
###....$..!...
##.............
#.........@†...
#.##.#...>J....
#.#.........
#>#.........
#†#......!..
.##..........
.........>.
##..<.#....
#(.#......


You could see a jelly.

Vanquished Creatures
  An orc wizard (D:2)
  A gnoll (D:1)
  2 adders (D:2)
  3 dart slugs
  3 leopard geckos
  2 orcs (D:2)
  8 goblins
  2 hobgoblins (D:1)
  2 jackals (D:1)
  3 quokkas
  7 bats
  4 frilled lizards
  6 kobolds
  5 rats (D:1)
49 creatures vanquished.

Notes
Turn   | Place    | Note
-------+----------+-------------------------------------------
     0 | D:1      | gruber the Kobold Artificer began the quest for the Orb.
     0 | D:1      | Reached XP level 1. HP: 12/12 MP: 1/1
   134 | D:1      | Reached XP level 2. HP: 11/16 MP: 2/2
   757 | D:1      | Reached skill level 1 in Short Blades
   969 | D:1      | Reached XP level 3. HP: 20/20 MP: 3/3
  1289 | D:2      | Reached XP level 4. HP: 25/25 MP: 4/4
  1304 | D:2      | Reached skill level 2 in Stealth
  1320 | D:2      | Reached skill level 3 in Stealth
  1803 | D:2      | Found a stormy altar of Qazlal.
  2707 | D:2      | Reached XP level 5. HP: 22/29 MP: 5/5
  2870 | D:3      | Reached skill level 4 in Stealth
  2875 | D:3      | HP: 1/29 [acid (2)]
  2876 | D:3      | Splashed by a jelly's acid

Illustrated notes

Levels and vault maps discovered:
D:1:      dpeg_arrival_tiny_c, layout_basic
D:2:      layout_basic, roderic_lattice_a, grunt_qazlal_clouds
D:3:      layout_rooms

Skill      XL: |  1  2  3  4  5 |
---------------+----------------+-----
Dodging        | 3 |  3.6
Short Blades   | 1 3 |  3.3
Stealth        | 3 4 |  4.0
Fighting       | |  1.1
Armour         | |  0.7
Evocations     | |  3.6

Action                   |  1- 3 |  4- 6 || total
-------------------------+-------+-------++-------
Melee: Club              |    58 |       ||    58
       Dagger            |    52 |   144 ||   196
Evoke: Wand              |     7 |     8 ||    15
 Stab: Sleeping          |    11 |     5 ||    16
Armor: Leather armour    |    31 |    21 ||    52
Dodge: Dodged            |   100 |   101 ||   201

Table legend: (Time is in decaauts)
 A = Elapsed time spent in this place.
 B = Non-inter-level travel time spent in this place.
 C = Inter-level travel time spent in this place.
 D = Time resting spent in this place.
 E = Time spent auto-exploring this place.
 F = Levels seen in this place.
 G = Mean time per level.
                   A        B        C        D        E       F      G
               +--------+--------+--------+--------+--------+-----+--------+
         Total |   2868 |   2831 |     37 |    156 |   2187 |   3 |  956.0 |
       Dungeon |   2868 |   2831 |     37 |    156 |   2187 |   3 |  956.0 |
               +--------+--------+--------+--------+--------+-----+--------+

Top non-repeatable levels by time:
     D:2: 1432 daAuts
     D:1: 1379 daAuts
     D:3: 56 daAuts
